 Dungeon Crawl Stone Soup version 0.30-a0-782-ge64f9170bb (webtiles) character file.

Game seed: 12153283316113470977

662 112233 the Magician (level 7, -2/53 HPs)
             Began as a Djinni Earth Elementalist on Feb 27, 2023.
             Slain by an orc warrior
             ... wielding a +0 war axe
              (13 damage)
             ... on level 5 of the Dungeon.
             The game lasted 00:02:58 (4065 turns).

112233 the Magician (Djinni Earth Elementalist)     Turns: 4065, Time: 00:02:58

Health: -2/53      AC: -2    Str: 11    XL:     7   Next: 87%
Gold:   192        EV: 13    Int: 22    God:
                   SH:  0    Dex: 13

rFire   + + .      SeeInvis .    n - +1 sling of Ashenzari's Envy {flame, *Corrode Str+4 Int+3 Stlth+}
rCold   x . .      Faith    .    (no shield)
rNeg    . . .      Spirit   .    a - +0 robe
rPois   ∞          Reflect  .    (no helmet)
rElec   .          Harm     .    (no cloak)
rCorr   .          Rampage  .    (no gloves)
Will    .....                    (boots unavailable)
Stlth   +++                      (no amulet)
HPRegen 0.28/turn                (no ring)
MPRegen 0.00/turn                (no ring)

@: corroded, flying
A: sickness immunity, fire resistance 2, cold vulnerability 1, float, innate
caster, HP casting, extra vitality 1
a: no special abilities


You were on level 5 of the Dungeon.
You visited 1 branch of the dungeon, and saw 5 of its levels.

You collected 192 gold pieces.

Inventory:

Hand Weapons
 n - the +1 sling of Ashenzari's Envy (weapon) {flame, *Corrode Str+4 Int+3 Stlth+}
   (You found it on level 3 of the Dungeon)

   Str:       It affects your strength (+4).
   Int:       It affects your intelligence (+3).
   *Corrode:  It may corrode you when you take damage.
   Stlth:     It makes you more stealthy.
Armour
 a - a +0 robe (worn)
 s - a +0 helmet
Wands
 v - a wand of flame (21)
 x - a wand of paralysis (9)
Scrolls
 d - 2 scrolls of fog
 e - 2 scrolls of enchant armour
 f - a scroll of immolation {unknown}
 h - a scroll of teleportation
 l - 4 scrolls of amnesia
 m - a scroll of enchant weapon {unknown}
 p - a scroll of poison {unknown}
 t - a scroll of fear {unknown}
 u - 2 scrolls of blinking
 w - a scroll of noise
Potions
 c - 2 potions of mutation {unknown}
 g - 2 potions of flight {unknown}
 j - 3 potions of berserk rage {unknown}
 k - 6 potions of curing {unknown}
 o - a potion of heal wounds {unknown}
 q - a potion of might {unknown}
 r - 2 potions of attraction {unknown}


   Skills:
 * Level 4.3 Fighting
 + Level 4.5 Dodging
 - Level 2.2 Stealth
 * Level 4.5 Spellcasting


You couldn't memorise any spells.
You knew the following spells:

 Your Spells              Type           Power      Damage    Failure   Level
a - Sandblast             Erth           48%        2d12      1%          1
b - Stone Arrow           Conj/Erth      48%        3d10      4%          3
c - Passwall              Tmut/Erth      20%        N/A       2%          2
d - Petrify               Tmut/Erth      24%        N/A       16%         4
e - Summon Small Mammal   Summ           96%        N/A       1%          1
f - Call Imp              Summ           24%        N/A       2%          2
g - Swiftness             Air            24%        N/A       4%          3
Your spell library was empty.

Dungeon Overview and Level Annotations

Branches:
Dungeon (5/15)
 Temple: D:4-7

Altars:
Ru

Annotations:
D:3 2 transporters, 1 runed translucent door, Crazy Yiuf; Querens's ghost, amateur GrFi
D:4 exclusion: downstairs


Innate Abilities, Weirdness & Mutations

You are immune to sickness and miasma.
You are immune to poison.
Your flesh is very heat resistant. (rF++)
You are vulnerable to cold. (rC-)
You float through the air rather than walking.
You learn spells naturally, not from books.
Your magical power is your life essence.
You have superior vitality. (+4 MHP)


Message History

Press: ? - help, Shift-Dir - straight line, f/p - orc warrior
Aim: an orc warrior, wielding a +0 war axe and wearing a +0 plate armour (71% to hit)
The stone arrow hits the orc warrior!
The orc warrior is moderately wounded.
Casting: Stone Arrow (dangerous; 4% risk of failure)
Confirm with . or Enter, or press ? or * to list all spells.
Aiming: Stone Arrow (dangerous; 4% risk of failure)
Press: ? - help, Shift-Dir - straight line, f/p - orc warrior
Aim: an orc warrior, wielding a +0 war axe and wearing a +0 plate armour (moderately wounded, 71% to hit)
The stone arrow misses the orc warrior.
Unknown command.
Casting: Stone Arrow (dangerous; 4% risk of failure)
Confirm with . or Enter, or press ? or * to list all spells.
Aiming: Stone Arrow (dangerous; 4% risk of failure)
Press: ? - help, Shift-Dir - straight line, f/p - orc warrior
Aim: an orc warrior, wielding a +0 war axe and wearing a +0 plate armour (moderately wounded, 71% to hit)
The stone arrow misses the orc warrior.
The orc warrior hits you with a +0 war axe!
Unknown command.
Casting: Stone Arrow (dangerous; 4% risk of failure)
Confirm with . or Enter, or press ? or * to list all spells.
Aiming: Stone Arrow (dangerous; 4% risk of failure)
Press: ? - help, Shift-Dir - straight line, f/p - orc warrior
Aim: an orc warrior, wielding a +0 war axe and wearing a +0 plate armour (moderately wounded, 71% to hit)
The stone arrow hits the orc warrior!
The orc warrior is heavily wounded.
The orc warrior hits you with a +0 war axe!
* * * LOW HITPOINT WARNING * * *
Your corrosive artefact corrodes you!
Unknown command.
Casting: Stone Arrow (dangerous; 4% risk of failure)
Confirm with . or Enter, or press ? or * to list all spells.
Aiming: Stone Arrow (dangerous; 4% risk of failure)
Press: ? - help, Shift-Dir - straight line, f/p - orc warrior
Aim: an orc warrior, wielding a +0 war axe and wearing a +0 plate armour (heavily wounded, 71% to hit)
The stone arrow hits the orc warrior!
The orc warrior is almost dead.
* * * LOW HITPOINT WARNING * * *
The orc warrior hits you with a +0 war axe!
You die...

#o# ##.## #. #o# #.# #. #.### ###
#.# #####. #...###.## ##'##
#.<... #...#....# ##...## #.###.
#.#....### ##.....## #.###.
#.#.##.## ##.......## #..##.
###.......####.........####.....
........<.....'o@.......'.......#
######.:...####.........####...##
####..# ##.......## #..### ##.#
##.....## #..... #.# ##...##
##.### #.# ##'## #.#
#.########)## #.# #.#.........#
#.# #.#.######..# #.#


You could see an orc warrior.

Vanquished Creatures
  Pikel (D:5)
  An orc priest (D:5)
  2 iguanas
  5 adders
  A worm (D:2)
  A dart slug (D:2)
  7 orcs
  5 endoplasms
  13 giant cockroaches
  4 goblins
  4 hobgoblins
  3 kobolds
  6 quokkas
  5 ball pythons
  9 bats
  7 frilled lizards
  5 rats
79 creatures vanquished.

Notes
Turn   | Place    | Note
-------+----------+-------------------------------------------
     0 | D:1      | 112233 the Djinni Earth Elementalist began the quest for
                  | the Orb.
     0 | D:1      | 112233 set off with the following spells memorised:
                  | Sandblast, Passwall, Stone Arrow, Petrify.
     0 | D:1      | Reached XP level 1. HP: 15/15 MP: 0/0
   156 | D:1      | Reached XP level 2. HP: 14/21 MP: 0/0
   637 | D:1      | Reached XP level 3. HP: 22/25 MP: 0/0
   637 | D:1      | Learned a level 1 spell: Summon Small Mammal
   940 | D:3      | Found a transporter.
   940 | D:3      | Noticed Querens's ghost (amateur GrFi)
   946 | D:3      | Found a transporter.
   989 | D:3      | Noticed an ogre
  1049 | D:3      | Identified the +1 sling of Ashenzari's Envy {flame,
                  | *Corrode Str+4 Int+3 Stlth+}
  1196 | D:3      | Found a runed translucent door.
  1197 | D:3      | Noticed Crazy Yiuf
  1370 | D:3      | Reached XP level 4. HP: 31/31 MP: 0/0
  1658 | D:2      | Reached skill level 1 in Fighting
  2533 | D:4      | Reached XP level 5. HP: 38/38 MP: 0/0
  2533 | D:4      | Learned a level 2 spell: Call Imp
  2581 | D:4      | Found a sacrificial altar of Ru.
  3118 | D:5      | Entered Level 5 of the Dungeon
  3331 | D:5      | HP: 1/38 [iguana (12)]
  3732 | D:5      | Noticed an orc warrior
  3734 | D:5      | Reached XP level 6. HP: 16/45 MP: 0/0
  3891 | D:5      | Noticed Pikel
  3900 | D:5      | Killed Pikel
  3901 | D:5      | Reached XP level 7. HP: 27/53 MP: 0/0
  3901 | D:5      | Learned a level 3 spell: Swiftness
  4065 | D:5      | Slain by an orc warrior

Illustrated notes

Levels and vault maps discovered:
D:1:      tarquinn_simple_flora_water_b, layout_loops_ring
D:2:      minmay_roachtagon, layout_loops_corners
D:3:      layout_basic, gammafunk_ghost_arena, minmay_misc_feat_five,
          chequers_serial_rivers_room_b, uniq_crazy_yiuf_cottage
D:4:      layout_loops_ring, overflow_temple_1_default
D:5:      layout_loops_corners, serial_shops, nicolae_shop_overgrown_old_shop,
          pf_guarded_unrand_meek, uniq_menkaure, uniq_pikel, uniq_blork_the_orc

Skill      XL: |  1  2  3  4  5  6 |
---------------+-------------------+-----
Stealth        | 2 |  2.2
Dodging        | 3 4 |  4.5
Spellcasting   | 3 4 |  4.5
Fighting       | 1 2 4 |  4.3

Action                     |  1- 3 |  4- 6 |  7- 9 || total
---------------------------+-------+-------+-------++-------
  Melee: Unarmed           |     2 |       |       ||     2
   Fire: Sling             |    14 |    76 |     2 ||    92
   Cast: Sandblast         |    51 |    17 |       ||    68
         Stone Arrow       |       |    17 |     5 ||    22
  Evoke: Wand              |       |     2 |       ||     2
    Use: Scroll            |       |     7 |       ||     7
 Armour: Robe              |    14 |     6 |       ||    20
  Dodge: Dodged            |    22 |    26 |       ||    48

Table legend: (Time is in decaauts)
 A = Elapsed time spent in this place.
 B = Non-inter-level travel time spent in this place.
 C = Inter-level travel time spent in this place.
 D = Time resting spent in this place.
 E = Time spent auto-exploring this place.
 F = Levels seen in this place.
 G = Mean time per level.
                   A        B        C        D        E       F      G
               +--------+--------+--------+--------+--------+-----+--------+
         Total |   4138 |   3815 |    323 |    226 |   3083 |   5 |  827.6 |
       Dungeon |   4138 |   3815 |    323 |    226 |   3083 |   5 |  827.6 |
               +--------+--------+--------+--------+--------+-----+--------+

Top non-repeatable levels by time:
     D:2: 1080 daAuts
     D:4: 939 daAuts
     D:1: 885 daAuts
     D:3: 619 daAuts
     D:5: 613 daAuts
